General information
- name: BNet
- type: Ladder team game (AT/RT)
- host: Battle.net
- saver: Noinu
map: Cherryville
- players: 8
- length: 16:15
- speed: Fast
- version: 1.21 W3XP
- replay type: Public
» download(112 KB)
Players
team 1 (loser)
Hin4ta (
blue | 46 APM | 744 actions | 16:14)
2 Mountain King
2 Storm Bolt
» actions
| Assign group hotkey | 16 | |
| Build / train | 46 | |
| Enter build submenu | 18 | |
| Enter hero's abilities submenu | 2 | |
| Right click | 400 | |
| Select / deselect | 180 | |
| Select group hotkey | 53 | |
| Use ability | 29 | |
744 total
» units
» upgrades
| Gunpowder | 2 | |
| Long Rifles | 1 | |
| Lumber Harvesting | 1 | |
| Armor | 2 | |
6 total
» buildings
| Blacksmith | 1 | |
| Barracks | 2 | |
| Scout Tower | 2 | |
| Farm | 8 | |
| Altar of Kings | 1 | |
| Arcane Tower | 1 | |
| Lumber Mill | 1 | |
| Guard Tower | 1 | |
| Keep | 1 | |
| Arcane Vault | 1 | |
19 total
» build order
00:09 Blacksmith
00:24 Barracks
00:39 Scout Tower
01:09 Farm
01:44 Altar of Kings
02:01 Arcane Tower
02:10 Lumber Mill
02:17 Farm
02:48 Farm
03:10 Scout Tower
03:34 Farm
03:45 Guard Tower
04:35 Keep
05:32 Farm
06:15 Farm
09:08 Arcane Vault
11:21 Barracks
13:44 Farm
14:16 Farm
Rectus (
red | 62 APM | 993 actions | 16:06)
4 Paladin
1 Holy Light
2 Devotion Aura
1 Divine Shield
1 Mountain King
1 Bash
3 Archmage
1 Blizzard
2 Brilliance Aura
» actions
| Assign group hotkey | 19 | |
| Basic commands | 16 | |
| Build / train | 53 | |
| Enter build submenu | 18 | |
| Enter hero's abilities submenu | 8 | |
| Right click | 262 | |
| Select / deselect | 351 | |
| Select group hotkey | 211 | |
| Use ability | 55 | |
993 total
» units
| Peasant | 9 | |
| Footman | 16 | |
| Priest | 2 | |
| Sorceress | 3 | |
30 total
» upgrades
| Masonry | 1 | |
| Plating | 2 | |
| Swords | 2 | |
| Defend | 1 | |
| Lumber Harvesting | 1 | |
| Priest Training | 1 | |
| Sorceress Training | 1 | |
9 total
» buildings
| Altar of Kings | 1 | |
| Farm | 8 | |
| Barracks | 1 | |
| Lumber Mill | 1 | |
| Blacksmith | 1 | |
| Scout Tower | 2 | |
| Guard Tower | 2 | |
| Arcane Vault | 1 | |
| Keep | 1 | |
| Arcane Sanctum | 2 | |
20 total
» build order
00:21 Altar of Kings
00:38 Farm
00:52 Barracks
01:09 Lumber Mill
01:14 Farm
01:43 Farm
02:14 Blacksmith
02:26 Farm
02:55 Scout Tower
03:04 Scout Tower
03:26 Guard Tower
03:51 Guard Tower
06:02 Arcane Vault
06:22 Keep
08:45 Arcane Sanctum
11:33 Arcane Sanctum
12:03 Farm
12:09 Farm
12:55 Farm
13:35 Farm
» items
silenth8ter (
green | 38 APM | 611 actions | 16:13)
3 Blademaster
2 Wind Walk
1 Critical Strike
» actions
| Assign group hotkey | 11 | |
| Basic commands | 18 | |
| Build / train | 42 | |
| ESC pressed | 5 | |
| Enter build submenu | 18 | |
| Enter hero's abilities submenu | 3 | |
| Right click | 216 | |
| Select / deselect | 213 | |
| Select group hotkey | 33 | |
| Use ability | 52 | |
611 total
» units
| Peon | 7 | |
| Grunt | 14 | |
| Troll Witch Doctor | 4 | |
25 total
» upgrades
| Armor | 2 | |
| Melee Weapons | 2 | |
| Berserker Strength | 1 | |
| Witch Doctor Training | 1 | |
6 total
» buildings
| Altar of Storms | 2 | |
| Orc Burrow | 5 | |
| War Mill | 1 | |
| Barracks | 1 | |
| Watch Tower | 2 | |
| Stronghold | 1 | |
| Spirit Lodge | 3 | |
| Voodoo Lounge | 1 | |
16 total
» build order
00:20 Altar of Storms
00:36 Orc Burrow
00:56 War Mill
01:06 Barracks
01:39 Orc Burrow
02:41 Orc Burrow
02:56 Watch Tower
04:21 Watch Tower
05:30 Stronghold
05:41 Orc Burrow
08:58 Spirit Lodge
10:46 Spirit Lodge
11:12 Spirit Lodge
11:52 Voodoo Lounge
12:48 Orc Burrow
15:45 Altar of Storms
» items
| Potion of Healing | 1 | |
| Potion of Mana | 1 | |
| Healing Salve | 2 | |
| Lesser Clarity Potion | 1 | |
5 total
Who_is_Mike (
pink | 40 APM | 648 actions | 16:10)
3 Mountain King
2 Storm Bolt
1 Bash
» actions
| Assign group hotkey | 2 | |
| Basic commands | 119 | |
| Build / train | 48 | |
| Enter build submenu | 16 | |
| Enter hero's abilities submenu | 3 | |
| Remove unit from queue | 9 | |
| Right click | 199 | |
| Select / deselect | 202 | |
| Select group hotkey | 14 | |
| Use ability | 36 | |
648 total
» units
| Peasant | 3 | |
| Footman | 8 | |
| Rifleman | 14 | |
25 total
» upgrades
| Gunpowder | 2 | |
| Defend | 1 | |
| Armor | 2 | |
| Lumber Harvesting | 1 | |
| Long Rifles | 1 | |
7 total
» buildings
| Altar of Kings | 1 | |
| Barracks | 1 | |
| Farm | 6 | |
| Scout Tower | 3 | |
| Lumber Mill | 1 | |
| Blacksmith | 1 | |
| Guard Tower | 2 | |
| Keep | 1 | |
16 total
» build order
00:07 Altar of Kings
00:31 Barracks
00:54 Farm
01:14 Scout Tower
01:59 Farm
02:29 Farm
02:33 Lumber Mill
03:19 Scout Tower
03:24 Scout Tower
03:50 Blacksmith
08:39 Farm
08:41 Guard Tower
08:43 Guard Tower
11:34 Keep
12:32 Farm
13:16 Farm
team 2 (winner)
GapInTheTooth (
purple | 65 APM | 1056 actions | 16:14)
5 Tauren Chieftain
3 Endurance Aura
1 Shockwave
1 War Stomp
» actions
| Assign group hotkey | 22 | |
| Basic commands | 181 | |
| Build / train | 43 | |
| ESC pressed | 2 | |
| Enter build submenu | 15 | |
| Enter hero's abilities submenu | 5 | |
| Remove unit from queue | 1 | |
| Right click | 467 | |
| Select / deselect | 240 | |
| Select group hotkey | 53 | |
| Use ability | 27 | |
1056 total
» units
| Peon | 7 | |
| Grunt | 11 | |
| Troll Witch Doctor | 5 | |
23 total
» upgrades
| Pillage | 1 | |
| Berserker Strength | 1 | |
| Melee Weapons | 3 | |
| Armor | 1 | |
| Shaman Training | 2 | |
| Witch Doctor Training | 2 | |
10 total
» buildings
| Altar of Storms | 1 | |
| Orc Burrow | 5 | |
| Barracks | 2 | |
| Stronghold | 1 | |
| War Mill | 1 | |
| Voodoo Lounge | 1 | |
| Spirit Lodge | 2 | |
| Fortress | 1 | |
| Great Hall | 1 | |
15 total
» build order
00:13 Altar of Storms
00:23 Orc Burrow
00:35 Barracks
01:52 Orc Burrow
02:58 Orc Burrow
03:50 Stronghold
05:14 War Mill
05:20 Orc Burrow
05:38 Voodoo Lounge
06:18 Spirit Lodge
06:48 Fortress
08:20 Spirit Lodge
08:25 Barracks
09:00 Orc Burrow
13:49 Great Hall
» items
Noinu (
teal | 55 APM | 889 actions | 16:15)
7 Far Seer
3 Feral Spirit
3 Chain Lighting
1 Earth Quake
» actions
| Assign group hotkey | 15 | |
| Basic commands | 70 | |
| Build / train | 39 | |
| Enter build submenu | 11 | |
| Enter hero's abilities submenu | 7 | |
| Remove unit from queue | 2 | |
| Right click | 192 | |
| Select / deselect | 145 | |
| Select group hotkey | 375 | |
| Use ability | 33 | |
889 total
» units
» upgrades
| Pillage | 1 | |
| Berserker Strength | 1 | |
| Shaman Training | 1 | |
3 total
» buildings
| Altar of Storms | 1 | |
| Orc Burrow | 5 | |
| Barracks | 2 | |
| War Mill | 1 | |
| Stronghold | 1 | |
| Spirit Lodge | 1 | |
11 total
» build order
00:06 Altar of Storms
00:08 Orc Burrow
00:37 Barracks
01:34 Orc Burrow
02:29 War Mill
04:04 Orc Burrow
05:22 Barracks
05:32 Stronghold
08:56 Orc Burrow
11:21 Spirit Lodge
13:52 Orc Burrow
» items
| Orb of Lightning | 1 | |
| Scroll of Town Portal | 1 | |
| Lesser Clarity Potion | 1 | |
| Potion of Healing | 1 | |
4 total
Panda_Slammed (
yellow | 47 APM | 757 actions | 16:14)
5 Blood Mage
3 Flame Strike
2 Siphon Mana
» actions
| Assign group hotkey | 8 | |
| Basic commands | 123 | |
| Build / train | 35 | |
| Enter build submenu | 23 | |
| Enter hero's abilities submenu | 5 | |
| Right click | 278 | |
| Select / deselect | 212 | |
| Select group hotkey | 30 | |
| Use ability | 43 | |
757 total
» units
» upgrades
» buildings
| Altar of Kings | 1 | |
| Farm | 7 | |
| Blacksmith | 1 | |
| Barracks | 4 | |
| Scout Tower | 3 | |
| Arcane Tower | 3 | |
| Keep | 1 | |
20 total
» build order
00:09 Altar of Kings
00:13 Farm
00:39 Blacksmith
00:52 Farm
01:57 Barracks
02:00 Farm
02:27 Barracks
02:32 Scout Tower
02:37 Farm
03:03 Arcane Tower
05:09 Farm
05:46 Scout Tower
06:14 Arcane Tower
06:26 Scout Tower
06:55 Arcane Tower
08:34 Barracks
09:04 Barracks
12:32 Farm
12:57 Farm
13:35 Keep
VELOX_NEB (
orange | 67 APM | 1087 actions | 16:14)
4 Shadow Hunter
2 Serpent Ward
1 Hex
1 Healing Wave
» actions
| Assign group hotkey | 21 | |
| Basic commands | 89 | |
| Build / train | 50 | |
| Enter build submenu | 13 | |
| Enter hero's abilities submenu | 4 | |
| Remove unit from queue | 2 | |
| Right click | 457 | |
| Select / deselect | 199 | |
| Select group hotkey | 199 | |
| Use ability | 53 | |
1087 total
» units
| Peon | 8 | |
| Grunt | 15 | |
| Troll Witch Doctor | 6 | |
29 total
» upgrades
| Berserker Strength | 1 | |
| Witch Doctor Training | 2 | |
| Spirit Walker Training | 2 | |
| Pillage | 1 | |
| Pulverize | 1 | |
7 total
» buildings
| Altar of Storms | 1 | |
| Orc Burrow | 4 | |
| Barracks | 1 | |
| Stronghold | 1 | |
| Voodoo Lounge | 1 | |
| Spirit Lodge | 2 | |
| Fortress | 1 | |
| War Mill | 1 | |
| Tauren Totem | 2 | |
14 total
» build order
00:07 Altar of Storms
00:21 Orc Burrow
00:36 Barracks
01:31 Orc Burrow
02:44 Stronghold
03:25 Voodoo Lounge
03:28 Orc Burrow
05:33 Spirit Lodge
05:35 Spirit Lodge
06:16 Orc Burrow
09:07 Fortress
11:34 War Mill
13:33 Tauren Totem
13:35 Tauren Totem
» items
| Healing Salve | 2 | |
| Scroll of Town Portal | 1 | |
| Potion of Healing | 1 | |
| Lesser Clarity Potion | 1 | |
5 total
Chat log
(00:13 / Allies) VELOX_NEB: tower where?
(00:16 / Allies) Noinu: nowhere
(00:20 / Allies) GapInTheTooth: we're seriousing this one
(00:21 / Allies) Noinu: 3 hu
(00:25 / Allies) Noinu: wirthless
(00:28 / Allies) GapInTheTooth: three hums yeah, the ANTITOWER
(00:41 / Allies) GapInTheTooth: going TC
(00:45 / Allies) Noinu: good call
(00:48 / Allies) VELOX_NEB: sh
(00:52 / Allies) Noinu: fs
(02:06 / Allies) GapInTheTooth: clear expos early
(02:11 / Allies) GapInTheTooth: two grunts and hero
(02:14 / Allies) Panda_Slammed: attack
(02:15 / Allies) Panda_Slammed: early
(02:44 / Allies) Panda_Slammed: go
(03:41 / Allies) GapInTheTooth: wheres the fucking rush
(05:56 / Allies) Panda_Slammed: oj
(05:58 / Allies) Panda_Slammed: get back
(06:01 / Allies) Panda_Slammed: there right there
(06:07 / Allies) VELOX_NEB: kk
(06:35 / Allies) GapInTheTooth: meet
(06:39 / Allies) GapInTheTooth: going shamn
(07:02 / Allies) GapInTheTooth: teal
(07:03 / Allies) GapInTheTooth: com e
(08:50 / Allies) Panda_Slammed: oj heal
(08:55 / Allies) VELOX_NEB: no heal
(08:57 / Allies) Panda_Slammed: damn
(12:31 / Allies) Noinu: velox heal my fs pls
(12:39 / Allies) VELOX_NEB: no heal
(13:00 / Allies) GapInTheTooth: theres a tomb of intel at mid expo
(13:04 / Allies) GapInTheTooth: tome
(13:04 / Allies) Noinu: ooh lemme get it
(13:10 / Allies) Noinu: where?
(13:12 / Allies) Noinu: ping it
(13:16 / Allies) Noinu: :(
(13:20 / Allies) Noinu: next time
(15:13 / All) Panda_Slammed: gtfh
(15:16 / All) Panda_Slammed: gfg
(15:20 / All) Hin4ta: gg =)